[Event "Titled Tuesday Blitz June 13 Late 2023"]
[White "Yeritsyan, Hayk"]
[Black "Shapiro, Daniel"]
[WhiteFideId "13307320"]
[BlackFideId "2001780"]
[WhiteElo "2506"]
[BlackElo "2325"]
[Result "1/2-1/2"]
[Round "2"]
[TimeControl "180+2"]
[Date "2023.06.13"]
[WhiteClock "0:00:07"]
[BlackClock "0:00:11"]
[Board "153"]

1. d4 Nf6 2. Nf3 b6 3. Bf4 Bb7 4. e3 e6 5. Nbd2 d6 6. c3 Nbd7 7. h3 Qe7 8. Be2 e5 9. Bh2 g6 10. O-O Bg7 11. Nc4 e4 12. Nfd2 O-O 13. Rc1 h5 14. b4 a6 15. a4 Rfe8 16. a5 b5 17. Na3 Nf8 18. c4 c6 19. cxb5 cxb5 20. Qb3 Bd5 21. Qb2 N8h7 22. Rc2 Ng5 23. Rfc1 Ra7 24. Bf4 Nfh7 25. Rc8 Rxc8 26. Rxc8+ Bf8 27. Bxb5 axb5 28. Nxb5 Rd7 29. a6 Rd8 30. Qc3 Ne6 31. Bg3 Qd7 32. Rxd8 Qxd8 33. a7 Qb6 34. Qc8 Qxb5 35. a8=Q Bxa8 36. Qxa8 Qxb4 37. Nxe4 Kg7 38. Qd5 Nf6 39. Nxf6 Kxf6 40. Qf3+ Kg7 41. Kh2 Qc4 42. Qb7 d5 43. Qb8 Qd3 44. Be5+ Kg8 45. Qb7 Qf5 46. Qxd5 f6 47. e4 Qg5 48. f4 Qh6 49. Qxe6+ Kh7 50. Qf7+ Bg7 51. Bxf6 Qxf4+ 52. Kg1 Qxf6 53. Qxf6 Bxf6 54. e5 Bg7 55. Kf2 Kg8 56. Kf3 Kf7 57. Ke4 Ke7 58. Kd5 Bh6 59. g4 hxg4 60. hxg4 Be3 61. Ke4 Bg1 62. d5 Bh2 63. Kd4 Bg3 64. Ke4 Bh2 65. Kd4 Bg3 66. Ke4 Bh2 1/2-1/2


[Site "https://www.chess.com"]

[Event "Titled Tuesday Blitz June 13 Late 2023"]
[White "Korpics, Zsolt"]
[Black "Perske, Thore"]
[WhiteFideId "705241"]
[BlackFideId "12902195"]
[WhiteElo "2322"]
[BlackElo "2336"]
[Result "0-1"]
[Round "2"]
[TimeControl "180+2"]
[Date "2023.06.13"]
[WhiteClock "0:00:19"]
[BlackClock "0:01:40"]
[Board "154"]

1. e4 e6 2. d4 d5 3. Nc3 Nf6 4. Bg5 Bb4 5. e5 h6 6. Bc1 Ne4 7. Qg4 g6 8. Ne2 c5 9. a3 Bxc3+ 10. Nxc3 Nxc3 11. bxc3 Qa5 12. Bd2 Qa4 13. Bd3 c4 14. Bxg6 Rg8 15. Bxf7+ Kxf7 16. Qf3+ Ke8 17. Qh5+ Kd8 18. Bxh6 Qxc2 19. Bg5+ Kc7 20. Qf7+ Bd7 21. Qxg8 Qxc3+ 22. Ke2 Nc6 23. Qg6 Nxd4+ 24. Kd1 Qxa1+ 25. Bc1 Ba4+ 26. Kd2 Nb3+ 27. Ke3 Qxe5+ 28. Kf3 Rf8+ 29. Kg4 Nxc1 30. Rxc1 Qf4+ 31. Kh3 Rh8+ 0-1


[Site "https://www.chess.com"]

[Event "Titled Tuesday Blitz June 13 Late 2023"]
[White "PushYourPawns0"]
[Black "Fedotov, Nikita"]
[BlackFideId "24161446"]
[WhiteElo "2316"]
[BlackElo "2211"]
[Result "0-1"]
[Round "2"]
[TimeControl "180+2"]
[Date "2023.06.13"]
[WhiteClock "0:00:04"]
[BlackClock "0:00:27"]
[Board "155"]

1. d4 Nf6 2. c4 c5 3. d5 b5 4. cxb5 a6 5. bxa6 g6 6. Nc3 Bxa6 7. e4 Bxf1 8. Kxf1 d6 9. Nf3 Bg7 10. g3 Nbd7 11. Kg2 O-O 12. a4 Ra6 13. Qc2 Qa8 14. Nb5 Rc8 15. Bd2 e6 16. dxe6 fxe6 17. Rhe1 d5 18. exd5 exd5 19. Ng5 d4+ 20. Kg1 Qd5 21. Rad1 h6 22. Ne4 d3 23. Nxf6+ Bxf6 24. Bxh6 c4 25. Nc3 Qh5 26. Qd2 g5 27. Nd5 Qxh6 28. Ne7+ Bxe7 29. Rxe7 Rd6 30. Rde1 Qf6 31. R1e4 Nc5 32. R4e5 Kf8 33. Re1 Nb3 34. Qe3 d2 35. Re8+ Kg7 36. Rxc8 dxe1=Q+ 37. Qxe1 Nd4 38. Rc7+ Kh6 39. Qe4 Qf5 40. Qe7 Nf3+ 41. Kg2 Nh4+ 42. gxh4 Qg4+ 43. Kf1 Rd1+ 44. Qe1 Qh3+ 45. Ke2 Qd3# 0-1


[Site "https://www.chess.com"]

[Event "Titled Tuesday Blitz June 13 Late 2023"]
[White "Bas Mas, Jose Joaquin"]
[Black "Arias Igual, Alejandro"]
[WhiteFideId "22219064"]
[BlackFideId "2254905"]
[WhiteElo "2212"]
[BlackElo "2179"]
[Result "0-1"]
[Round "2"]
[TimeControl "180+2"]
[Date "2023.06.13"]
[WhiteClock "0:00:09"]
[BlackClock "0:00:04"]
[Board "156"]

1. d4 d5 2. Nc3 e6 3. Bf4 Nf6 4. Nb5 Na6 5. e3 Be7 6. Nf3 O-O 7. h4 Bd7 8. a4 Ne4 9. h5 c6 10. Nc3 Bb4 11. Bxa6 bxa6 12. Qd3 c5 13. O-O c4 14. Qe2 Bxc3 15. bxc3 f6 16. Ra3 h6 17. Nd2 Qe7 18. Rfa1 Nd6 19. e4 Bc6 20. exd5 Bxd5 21. Bxd6 Qxd6 22. Nxc4 Qd7 23. Ne3 Bc6 24. Rb3 f5 25. Nc4 Bd5 26. Ne5 Qd6 27. Rb4 a5 28. Rb5 Rac8 29. c4 Be4 30. c3 Ba8 31. Rxa5 a6 32. Nd3 Qb6 33. Re5 Rxc4 34. Rxe6 Qb7 35. f3 Rxc3 36. Nc5 Qd5 37. Rd1 Ra3 38. Re5 Qd6 39. Qc4+ Kh8 40. Re6 Qc7 41. Re7 Qd6 42. Re8 Rxe8 0-1


[Site "https://www.chess.com"]

[Event "Titled Tuesday Blitz June 13 Late 2023"]
[White "Gonzalez Vega, Alejandro"]
[Black "Bruedigam, Martin"]
[WhiteFideId "3510042"]
[BlackFideId "24608033"]
[WhiteElo "2307"]
[BlackElo "2331"]
[Result "1-0"]
[Round "2"]
[TimeControl "180+2"]
[Date "2023.06.13"]
[WhiteClock "0:01:09"]
[BlackClock "0:02:01"]
[Board "157"]

1. e4 c6 2. d4 d5 3. exd5 cxd5 4. Bd3 Nc6 5. c3 Nf6 6. Bf4 Bg4 7. Qb3 Qc8 8. Nd2 e6 9. Ngf3 Be7 10. O-O O-O 11. Rfe1 Bh5 12. h3 Bg6 13. Bxg6 hxg6 14. Ne5 Nxe5 15. Bxe5 Qc6 16. Bxf6 gxf6 17. Nf3 Kg7 18. Rac1 b5 19. a3 Bd6 20. Qd1 Rh8 21. Qd2 a5 22. Nh2 Qc7 23. Ng4 Bf4 24. Ne3 f5 25. Qd3 Rab8 26. Rc2 Bd6 27. Nf1 Rh4 28. Nd2 Qc6 29. b4 a4 30. Nf3 Rc8 31. Nxh4 1-0


[Site "https://www.chess.com"]

[Event "Titled Tuesday Blitz June 13 Late 2023"]
[White "Jakic, Ivan"]
[Black "rikchessmx"]
[WhiteFideId "14504901"]
[WhiteElo "2365"]
[BlackElo "2305"]
[Result "1-0"]
[Round "2"]
[TimeControl "180+2"]
[Date "2023.06.13"]
[WhiteClock "0:02:34"]
[BlackClock "0:00:59"]
[Board "158"]

1. e4 e5 2. Nf3 Nc6 3. Bb5 Bc5 4. O-O Qf6 5. c3 Nge7 6. a4 a6 7. Bc4 O-O 8. b4 Ba7 9. d3 h6 10. Be3 d6 11. Nbd2 Ng6 12. Kh1 Nf4 13. g3 Nh3 14. Kg2 Bg4 15. Qe1 Qg6 16. b5 Na5 17. Nh4 Qf6 18. Bxa7 Rxa7 19. f3 Bc8 20. Ba2 Nf4+ 21. gxf4 Qxh4 22. Qxh4 1-0


[Site "https://www.chess.com"]

[Event "Titled Tuesday Blitz June 13 Late 2023"]
[White "Ardila, Oscar Humberto"]
[Black "whiteglovethief"]
[WhiteFideId "4404742"]
[WhiteElo "1912"]
[BlackElo "2501"]
[Result "1-0"]
[Round "2"]
[TimeControl "180+2"]
[Date "2023.06.13"]
[WhiteClock "0:00:13"]
[BlackClock "0:00:00"]
[Board "159"]

1. d4 Nf6 2. c4 g6 3. Nc3 Bg7 4. e4 d6 5. Nf3 O-O 6. Be2 e5 7. d5 a5 8. O-O Na6 9. Qc2 Nc5 10. Bg5 c6 11. dxc6 bxc6 12. Rfd1 Qc7 13. b3 Bg4 14. a3 Ne6 15. Be3 c5 16. h3 Bxf3 17. Bxf3 Nd4 18. Bxd4 exd4 19. Nb5 Qb6 20. e5 dxe5 21. Bxa8 Rxa8 22. f3 Nh5 23. Re1 Nf4 24. Qe4 Rd8 25. Kh2 f5 26. Qc2 Qf6 27. g3 Nh5 28. Nc7 d3 29. Qd2 e4 30. fxe4 fxe4 31. Nd5 Qe5 32. Rg1 Rxd5 33. cxd5 Qxd5 34. Rae1 Be5 35. Rg2 Qd6 36. Qe3 d2 37. Rd1 Nxg3 38. Rxg3 Bf4 39. Qxe4 Bxg3+ 40. Kg2 Be1 41. Qc4+ Kg7 42. Qc3+ Kh6 43. Qe3+ Kg7 44. Qc3+ Kh6 45. Qe3+ g5 46. Qf3 Qe6 47. Qf8+ Kg6 48. Qf3 Qe5 49. Qd3+ Kh5 50. Qf3+ Kg6 51. Qd3+ Kh6 52. Qa6+ Kh5 53. Qd3 Kh6 54. b4 axb4 55. axb4 cxb4 56. Qf3 Qe6 57. Rb1 b3 58. Rxb3 Bh4 59. Rb1 Qe1 60. Qf6+ Kh5 61. Qf7+ 1-0


[Site "https://www.chess.com"]

[Event "Titled Tuesday Blitz June 13 Late 2023"]
[White "Zhukov, Maksim"]
[Black "Girsh, Daniel"]
[WhiteFideId "34181790"]
[BlackFideId "30949190"]
[WhiteElo "1925"]
[BlackElo "2075"]
[Result "0-1"]
[Round "2"]
[TimeControl "180+2"]
[Date "2023.06.13"]
[WhiteClock "0:00:43"]
[BlackClock "0:00:37"]
[Board "160"]

1. e4 g6 2. d4 Bg7 3. Be3 c5 4. Ne2 Nc6 5. c3 Qb6 6. Qd2 d6 7. f3 Nf6 8. Na3 cxd4 9. Nxd4 Nxd4 10. Bxd4 Qa5 11. Bd3 O-O 12. O-O Be6 13. Rfd1 a6 14. c4 Qxd2 15. Rxd2 Rfc8 16. b3 Rab8 17. Kf1 Nd7 18. Bxg7 Kxg7 19. Rad1 Ne5 20. Be2 g5 21. h3 h5 22. Kf2 h4 23. Ke3 Ng6 24. Bf1 Nf4 25. Kf2 f6 26. b4 b6 27. c5 bxc5 28. Bxa6 Rc6 29. b5 Rcb6 30. Nc2 Bxa2 31. Nd4 Bc4 32. Nc6 Rxc6 33. bxc6 Bxa6 34. Ra1 Bc4 35. Ra7 Kf7 36. c7 Rc8 37. g3 hxg3+ 38. Kxg3 Ne6 39. Rc2 Bd3 40. Rc3 c4 41. h4 gxh4+ 42. Kxh4 Rxc7 43. Ra1 Nf4 44. Rca3 Ne2 45. Rd1 c3 46. Rxd3 c2 47. Ra1 c1=Q 48. Rxc1 Nxc1 49. Re3 Rc2 50. Kg3 Ne2+ 51. Kf2 Nd4+ 52. Kg3 e5 53. Ra3 Ke6 54. Rd3 Rc3 55. Rxc3 Ne2+ 56. Kf2 Nxc3 57. Ke3 d5 58. Kd3 dxe4+ 59. fxe4 Nxe4 60. Kxe4 f5+ 61. Ke3 Kd5 62. Ke2 Ke4 63. Ke1 Ke3 64. Kd1 e4 65. Ke1 f4 66. Kf1 Kd2 67. Kg2 e3 68. Kf3 e2 69. Kg4 e1=Q 70. Kh3 f3 71. Kh2 f2 72. Kg3 f1=Q+ 73. Kg4 Qe4+ 74. Kh5 Qff5+ 75. Kh6 Qg6# 0-1


[Site "https://www.chess.com"]

[Event "Titled Tuesday Blitz June 13 Late 2023"]
[White "Haszon, David"]
[Black "Kostiukov, Alexandr"]
[WhiteFideId "733610"]
[BlackFideId "14108100"]
[WhiteElo "2210"]
[BlackElo "2202"]
[Result "1-0"]
[Round "2"]
[TimeControl "180+2"]
[Date "2023.06.13"]
[WhiteClock "0:00:11"]
[BlackClock "0:00:04"]
[Board "161"]

1. e4 c5 2. Nf3 g6 3. d4 cxd4 4. Qxd4 Nf6 5. c4 Nc6 6. Qe3 d6 7. Nc3 Bg7 8. Be2 O-O 9. h3 a6 10. O-O Rb8 11. Rd1 Nd7 12. Rb1 Qa5 13. Bd2 Qc5 14. Qf4 Nde5 15. Be3 Qa5 16. a3 Nxf3+ 17. Bxf3 Bxc3 18. bxc3 Qxc3 19. h4 Qe5 20. Qh6 Qg7 21. Qf4 Ne5 22. Be2 f5 23. c5 fxe4 24. Qxe4 Bf5 25. Qd5+ e6 26. Qxd6 Bxb1 27. Rxb1 Nc6 28. Qxe6+ Kh8 29. Bf3 Qc7 30. Bxc6 h6 31. Qxg6 Qg7 32. Qxg7+ Kxg7 33. Bf3 Rfc8 34. Bd4+ Kg6 35. Rxb7 Rxb7 36. Bxb7 1-0


[Site "https://www.chess.com"]

[Event "Titled Tuesday Blitz June 13 Late 2023"]
[White "Rodriguez Santiago, Jaime"]
[Black "Hnydiuk, Aleksander"]
[WhiteFideId "3100898"]
[BlackFideId "1109057"]
[WhiteElo "2025"]
[BlackElo "2374"]
[Result "0-1"]
[Round "2"]
[TimeControl "180+2"]
[Date "2023.06.13"]
[WhiteClock "0:00:17"]
[BlackClock "0:00:46"]
[Board "162"]

1. d4 Nf6 2. c4 c5 3. d5 b5 4. cxb5 a6 5. bxa6 g6 6. Nc3 Bg7 7. e4 O-O 8. g3 d6 9. Nf3 Nbd7 10. Bd2 Nb6 11. a4 Bxa6 12. Bxa6 Rxa6 13. Qe2 Qa8 14. b3 e6 15. dxe6 Nxe4 16. Rc1 Nxd2 17. Kxd2 fxe6 18. Qxe6+ Kh8 19. Ng5 Rxf2+ 20. Kd3 Qf8 21. Nce4 c4+ 22. bxc4 Nxa4 23. Ke3 Nc5 24. Nxc5 dxc5 25. Qxa6 Bd4+ 26. Kd3 Qf5+ 27. Ne4 Qf3# 0-1


[Site "https://www.chess.com"]

[Event "Titled Tuesday Blitz June 13 Late 2023"]
[White "Ai, Evan"]
[Black "Andreassen, Lars"]
[WhiteFideId "2094770"]
[BlackFideId "1504878"]
[WhiteElo "1963"]
[BlackElo "2119"]
[Result "0-1"]
[Round "2"]
[TimeControl "180+2"]
[Date "2023.06.13"]
[WhiteClock "0:00:03"]
[BlackClock "0:00:11"]
[Board "163"]

1. e4 d6 2. d4 Nf6 3. Nc3 e5 4. dxe5 dxe5 5. Qxd8+ Kxd8 6. Bg5 c6 7. O-O-O+ Kc7 8. Bc4 Be6 9. Bxe6 fxe6 10. Nf3 Nbd7 11. Rd2 Bb4 12. Re1 Bxc3 13. bxc3 h6 14. Bh4 Rad8 15. Bg3 Kc8 16. Nxe5 Nxe5 17. Rxd8+ Rxd8 18. Bxe5 Rd7 19. f3 Rf7 20. Rd1 Nd7 21. Bg3 Nb6 22. Rd6 Rf6 23. Bf2 Nc4 24. Rd4 b5 25. h4 h5 26. Kd1 e5 27. Rxc4 bxc4 28. Bxa7 Rg6 29. Be3 Rxg2 30. Bg5 Rf2 31. Kc1 Rxf3 32. Kb2 Kb7 33. Ka3 Kb6 34. Kb4 Rf2 35. Kxc4 Rxc2 36. a4 Ra2 37. Kb3 Re2 38. Bd8+ Kb7 39. a5 Rxe4 40. Kc2 Rg4 41. Kd3 Ka6 42. c4 c5 43. Kc3 g6 44. Bg5 Kxa5 45. Kd3 Kb6 46. Ke3 Kc6 47. Kd3 Kd6 48. Kc3 e4 49. Kd2 Ke5 50. Ke3 Rg3+ 51. Ke2 Kd4 52. Bf4 Rg2+ 0-1


[Site "https://www.chess.com"]

[Event "Titled Tuesday Blitz June 13 Late 2023"]
[White "Ward, Ieuan C"]
[Black "Flynn, Jacob"]
[WhiteFideId "406627"]
[BlackFideId "2509393"]
[WhiteElo "2286"]
[BlackElo "2053"]
[Result "1/2-1/2"]
[Round "2"]
[TimeControl "180+2"]
[Date "2023.06.13"]
[WhiteClock "0:00:11"]
[BlackClock "0:00:15"]
[Board "164"]

1. d4 d5 2. c4 e6 3. Nc3 Nf6 4. Bg5 Be7 5. e3 h6 6. Bh4 O-O 7. Nf3 Ne4 8. Bxe7 Qxe7 9. Bd3 Nxc3 10. bxc3 dxc4 11. Bxc4 c5 12. O-O b6 13. Qe2 Bb7 14. Ne5 Nd7 15. Nxd7 Qxd7 16. Rfd1 Qc7 17. Rac1 Rad8 18. f3 Rfe8 19. e4 e5 20. dxe5 Qxe5 21. Bb5 Rf8 22. a4 g6 23. Bc4 Kg7 24. Qb2 Bc6 25. Bb5 Bxb5 26. axb5 c4 27. Ra1 Rd3 28. Rxd3 cxd3 29. Rxa7 Rd8 30. Ra1 Qc5+ 31. Kf1 Qc4 32. Rd1 d2+ 33. Kf2 Qc5+ 34. Ke2 Qc4+ 35. Kf2 Qd3 36. Qb3 Rc8 37. Qb2 Rd8 38. Qb3 Kh7 39. Qxf7+ Kh8 40. Qf6+ Kh7 41. Qf7+ Kh8 42. Qf6+ Kg8 43. Qxg6+ Kf8 44. Qf6+ Ke8 45. Qe6+ Kf8 46. Qxh6+ Ke7 47. Qg5+ Ke6 48. Qg6+ Kd7 49. Qc6+ Ke7 50. Qc7+ Rd7 51. Qe5+ Kd8 52. Qb8+ Ke7 53. Qe5+ Kf8 54. Qh8+ Kf7 55. Qh7+ Ke6 56. Qf5+ Ke7 57. Qe5+ 1/2-1/2


[Site "https://www.chess.com"]

[Event "Titled Tuesday Blitz June 13 Late 2023"]
[White "Estrada Nieto, Julian"]
[Black "Sarkar, Justin"]
[WhiteFideId "5101018"]
[BlackFideId "2010011"]
[WhiteElo "2161"]
[BlackElo "2151"]
[Result "1-0"]
[Round "2"]
[TimeControl "180+2"]
[Date "2023.06.13"]
[WhiteClock "0:00:40"]
[BlackClock "0:00:00"]
[Board "165"]

1. e4 e5 2. Nf3 Nc6 3. Bb5 a6 4. Bxc6 dxc6 5. O-O f6 6. d4 exd4 7. Nxd4 c5 8. Ne2 Qxd1 9. Rxd1 Bd7 10. Nbc3 O-O-O 11. Be3 Bd6 12. Bf4 Bc6 13. Rd2 Ne7 14. Rad1 Bxf4 15. Rxd8+ Rxd8 16. Rxd8+ Kxd8 17. Nxf4 g6 18. Ne6+ Kd7 19. Nxc5+ Kd6 20. Nd3 Bd7 21. f3 c5 22. Kf2 b5 23. Ke3 b4 24. Ne2 a5 25. c4 bxc3 26. Nxc3 c4 27. Nf4 Kc5 28. g4 Bc6 29. Ne6+ Kb4 30. Nd4 Bd7 31. Nc2+ Kc5 32. h3 Be6 33. Nd4 Bd7 34. f4 Nc6 35. Nxc6 Bxc6 36. g5 fxg5 37. fxg5 Bb7 38. h4 Bc6 39. Ne2 Kb4 40. Kd4 a4 41. Nc3 Bd7 42. Nd5+ Kb5 43. e5 1-0


[Site "https://www.chess.com"]

[Event "Titled Tuesday Blitz June 13 Late 2023"]
[White "Celestino, Rafael Teixeira"]
[Black "Rottenwohrer Suarez, Juan"]
[WhiteFideId "2108925"]
[BlackFideId "32068182"]
[WhiteElo "2283"]
[BlackElo "2174"]
[Result "0-1"]
[Round "2"]
[TimeControl "180+2"]
[Date "2023.06.13"]
[WhiteClock "0:00:22"]
[BlackClock "0:00:20"]
[Board "166"]

1. e4 c5 2. Nf3 g6 3. d4 cxd4 4. Nxd4 Nc6 5. Nc3 Bg7 6. Be3 Nf6 7. Qd2 O-O 8. O-O-O d5 9. exd5 Nxd5 10. Nxd5 Qxd5 11. Nxc6 Qxc6 12. Bh6 Bxh6 13. Qxh6 Bf5 14. Bd3 Bxd3 15. Rxd3 Rac8 16. Rd2 Qxg2 17. Re1 Rc7 18. h4 Qg4 19. Rh1 Rfc8 20. h5 Qe4 21. c3 Qxh1+ 22. Kc2 Qxh5 23. Qe3 Qf5+ 24. Kc1 Rd7 25. a4 Rcd8 26. Rxd7 Qxd7 27. Qe2 Qxa4 28. f3 h5 29. Qf1 Qa1+ 0-1


[Site "https://www.chess.com"]

[Event "Titled Tuesday Blitz June 13 Late 2023"]
[White "Matsuura, Frederico"]
[Black "Santos Flores, Alberto"]
[WhiteFideId "2107848"]
[BlackFideId "3601234"]
[WhiteElo "2302"]
[BlackElo "2235"]
[Result "0-1"]
[Round "2"]
[TimeControl "180+2"]
[Date "2023.06.13"]
[WhiteClock "0:00:15"]
[BlackClock "0:00:09"]
[Board "167"]

1. d4 d5 2. c4 c6 3. Nc3 Nf6 4. e3 a6 5. Nf3 Bf5 6. c5 Nbd7 7. b4 g6 8. Be2 Bg7 9. O-O O-O 10. h3 Ne4 11. Qb3 e5 12. dxe5 Nxe5 13. Nd4 Nxc3 14. Qxc3 Qd7 15. Bb2 Bxh3 16. gxh3 Qxh3 17. Qd2 Rae8 18. f3 Qg3+ 19. Kh1 Nc4 20. Bxc4 Re5 21. Rf2 dxc4 22. Rg2 Rh5+ 23. Rh2 Bxd4 24. Bxd4 Qxf3+ 25. Qg2 Rxh2+ 26. Kxh2 Qh5+ 27. Qh3 Qe2+ 28. Qg2 Qh5+ 29. Kg1 Re8 30. Rf1 f5 31. Rf3 Re4 32. Rg3 Qd1+ 33. Kh2 Kf7 34. Rh3 h5 35. Qg5 Qe2+ 36. Qg2 Qd3 37. Qg5 Qe2+ 38. Qg2 Qxg2+ 39. Kxg2 f4 40. Kf3 Re8 41. exf4 Re1 42. Rh2 Rb1 43. a3 Rb3+ 44. Ke4 Rxa3 45. Rc2 Rb3 46. Rxc4 Ke6 47. Bc3 Rb1 48. Rd4 Rb3 49. Rd6+ Kf7 50. Bd2 Rb2 51. Ke5 h4 52. Rd7+ Ke8 53. Rd3 Kf7 54. Bc3 Rb3 55. Rd7+ Ke8 56. Rd3 Kf7 57. Ke4 Ke6 58. Rd6+ Kf7 59. Rd3 Ke6 60. Be1 Rxd3 61. Kxd3 h3 62. Bg3 Kd5 63. Bh2 a5 64. bxa5 Kxc5 65. Ke4 Kb5 66. Ke5 c5 67. Kf6 c4 68. Kxg6 c3 69. f5 c2 70. f6 c1=Q 71. Bf4 Qxf4 0-1


[Site "https://www.chess.com"]

[Event "Titled Tuesday Blitz June 13 Late 2023"]
[White "Ronka, Erik"]
[Black "Burdalev, Kirill"]
[WhiteFideId "505080"]
[BlackFideId "14121913"]
[WhiteElo "2264"]
[BlackElo "2236"]
[Result "1/2-1/2"]
[Round "2"]
[TimeControl "180+2"]
[Date "2023.06.13"]
[WhiteClock "0:00:04"]
[BlackClock "0:00:02"]
[Board "168"]

1. e4 e5 2. Nf3 Nc6 3. Bb5 Nf6 4. O-O Nxe4 5. d4 Nd6 6. Bxc6 dxc6 7. dxe5 Nf5 8. Qxd8+ Kxd8 9. Nc3 Ke8 10. h3 h5 11. Bf4 Be7 12. Rad1 Be6 13. b3 Rd8 14. Ne4 Bd5 15. Rfe1 Bb4 16. Re2 Be6 17. Rxd8+ Kxd8 18. Nfg5 h4 19. c3 Be7 20. Nxe6+ fxe6 21. f3 Rh5 22. Kf2 b6 23. Rd2+ Ke8 24. Re2 a5 25. c4 Kd7 26. c5 Kc8 27. Rc2 b5 28. Rd2 g5 29. Bh2 Bf8 30. Ke2 Ne7 31. Nf6 Rh8 32. Bg1 Nd5 33. Be3 Nxe3 34. Kxe3 Bxc5+ 35. Ke4 Be7 36. Ng4 c5 37. f4 gxf4 38. Kxf4 Rf8+ 39. Ke4 c6 40. Ne3 Kc7 41. Ng4 Bg5 42. Rf2 Rd8 43. Rf7+ Kb6 44. Rg7 Rd4+ 45. Kf3 Bc1 46. Rg6 c4 47. bxc4 bxc4 48. Nf2 c3 49. Rg4 Rxg4 50. hxg4 c2 51. Nd3 Bg5 52. g3 c5 53. gxh4 Bxh4 54. Nc1 Bg5 55. Ne2 c4 56. Ke4 Kc5 57. Kf3 c3 58. Ke4 Kc4 59. Nd4 c1=Q 60. Nxe6 Qe1+ 61. Kf5 Bh4 62. Kg6 Qxe5 63. Kf7 Qe4 64. Ng7 Qxg4 65. Nf5 Qxf5+ 66. Ke8 c2 67. a4 c1=Q 1/2-1/2


[Site "https://www.chess.com"]

[Event "Titled Tuesday Blitz June 13 Late 2023"]
[White "Krishnakumar, Sriram"]
[Black "Magallanes, Rey Jomar"]
[WhiteFideId "30915856"]
[BlackFideId "5205948"]
[WhiteElo "2482"]
[BlackElo "2274"]
[Result "1-0"]
[Round "2"]
[TimeControl "180+2"]
[Date "2023.06.13"]
[WhiteClock "0:00:19"]
[BlackClock "0:00:15"]
[Board "169"]

1. e4 c5 2. Nf3 d6 3. Bb5+ Bd7 4. Bxd7+ Qxd7 5. c4 Nc6 6. Nc3 g6 7. d4 cxd4 8. Nxd4 Bg7 9. Be3 Nf6 10. f3 O-O 11. O-O e6 12. f4 Rac8 13. b3 d5 14. cxd5 exd5 15. e5 Ng4 16. Qd2 Nxe3 17. Qxe3 Rfe8 18. Nxc6 bxc6 19. Na4 d4 20. Qd3 c5 21. Rac1 Bf8 22. Rc4 Qg4 23. h3 Qh4 24. Kh2 Qh5 25. Rfc1 Bh6 26. g3 g5 27. Rxc5 Rxc5 28. Rxc5 gxf4 29. e6 fxg3+ 30. Qxg3+ Qg6 31. exf7+ Kxf7 32. Rc7+ Kg8 33. Qxg6+ hxg6 34. Rd7 Bg7 35. Rxa7 d3 36. Rd7 Re2+ 37. Kg3 d2 38. Kf3 Rh2 39. h4 Bh6 40. Nb2 Rxh4 41. a4 Rh3+ 42. Ke2 Rxb3 43. Nd1 Ra3 44. Ra7 Rb3 45. a5 Rb5 46. a6 Re5+ 47. Kd3 Ra5 48. Ra8+ Bf8 49. Kxd2 Ra3 50. Ke2 g5 51. Nf2 Kg7 52. Ng4 Bd6 53. Kf2 Ra2+ 54. Kf3 Ra3+ 55. Ke4 Ra4+ 56. Kf5 Be7 57. Re8 Rf4+ 58. Ke5 Rxg4 59. Rxe7+ Kg6 60. a7 Ra4 61. Kd5 g4 62. Kc5 Ra1 63. Kb5 Rb1+ 64. Kc4 Ra1 65. Kb5 g3 66. Re6+ Kg5 67. Ra6 Rxa6 68. Kxa6 g2 69. a8=Q g1=Q 70. Qg8+ Kh4 71. Qxg1 Kh3 72. Kb5 Kh4 73. Kc4 Kh5 74. Kd4 Kh6 75. Ke4 Kh7 76. Kf5 Kh8 77. Kf6 Kh7 78. Qg7# 1-0


[Site "https://www.chess.com"]

[Event "Titled Tuesday Blitz June 13 Late 2023"]
[White "Yurasova, Daria"]
[Black "Vila Dupla, Aurelio"]
[WhiteFideId "34146919"]
[BlackFideId "2203383"]
[WhiteElo "2109"]
[BlackElo "2009"]
[Result "1-0"]
[Round "2"]
[TimeControl "180+2"]
[Date "2023.06.13"]
[WhiteClock "0:00:15"]
[BlackClock "0:00:01"]
[Board "170"]

1. e4 c5 2. Nf3 d6 3. Bb5+ Nd7 4. Ba4 Nf6 5. Qe2 a6 6. c3 e6 7. O-O Be7 8. d4 O-O 9. Bg5 h6 10. Bh4 b5 11. Bc2 Bb7 12. Nbd2 e5 13. d5 Re8 14. a4 Rb8 15. Bg3 Nh7 16. axb5 axb5 17. Bd3 c4 18. Bc2 Nc5 19. Rfd1 Bg5 20. Nf1 Bf4 21. Ne3 Bxe3 22. Qxe3 Ng5 23. Nxg5 Qxg5 24. Qxg5 hxg5 25. f3 Ra8 26. Bf2 Nd7 27. Be3 f6 28. b3 Rxa1 29. Rxa1 Ra8 30. Rxa8+ Bxa8 31. bxc4 bxc4 32. Ba4 Nb8 33. Bb5 Bb7 34. Ba7 Ba6 35. Bxc4 Bxc4 36. Bxb8 Kf7 37. Bxd6 g6 38. Kf2 Ke8 39. g3 Kd7 40. Bf8 f5 41. Ke3 fxe4 42. Kxe4 Bb3 43. Kxe5 Bc2 44. Kf6 Bd3 45. Kxg5 Bf5 46. c4 Bd3 47. c5 Bc4 48. Kxg6 Bxd5 49. f4 Ke6 50. Bd6 Be4+ 51. Kg5 Bf5 52. h4 Bh7 53. g4 Kf7 54. f5 Bg8 55. c6 Ke8 56. c7 Kd7 57. Bf4 Bf7 58. Kf6 Be8 59. h5 1-0


[Site "https://www.chess.com"]

[Event "Titled Tuesday Blitz June 13 Late 2023"]
[White "Liu, Kelsey"]
[Black "Uzcategui Rodriguez, Alejandro"]
[WhiteFideId "30944481"]
[BlackFideId "3903400"]
[WhiteElo "2268"]
[BlackElo "2252"]
[Result "0-1"]
[Round "2"]
[TimeControl "180+2"]
[Date "2023.06.13"]
[WhiteClock "0:00:01"]
[BlackClock "0:00:21"]
[Board "171"]

1. e4 d6 2. d4 Nf6 3. Nc3 Nbd7 4. Bf4 e5 5. dxe5 dxe5 6. Bg3 c6 7. Nf3 Qc7 8. Bc4 Be7 9. Qe2 O-O 10. O-O-O b5 11. Bb3 a5 12. a4 b4 13. Nb1 c5 14. Nbd2 Ba6 15. Bc4 Bb7 16. Nh4 Rfe8 17. Nf5 Bf8 18. f3 Nb6 19. Bb5 Bc6 20. b3 g6 21. Ne3 Bh6 22. Kb2 Bg7 23. h4 Nh5 24. Bh2 Nf4 25. Qf1 Ne6 26. Bxc6 Qxc6 27. Ndc4 Nd4 28. h5 Nc8 29. hxg6 hxg6 30. Ng4 Qc7 31. Bg3 Nb6 32. Rh3 f6 33. Nxb6 Qxb6 34. Qc4+ Qe6 35. Qxe6+ Rxe6 36. Bf2 Rc8 37. Ne3 Nc6 38. Nc4 Nd4 39. Nxa5 f5 40. Rhh1 Rf8 41. exf5 gxf5 42. Bxd4 cxd4 43. Ka2 e4 44. Rhe1 Rfe8 45. fxe4 fxe4 46. Nc4 e3 47. Re2 Rf8 48. a5 Rg6 49. Kb1 Rf2 50. Rde1 Rgxg2 51. Rxf2 exf2 52. Rf1 Rg1 53. Nd2 Bh6 54. Rxg1+ fxg1=Q+ 0-1


[Site "https://www.chess.com"]

[Event "Titled Tuesday Blitz June 13 Late 2023"]
[White "Sala, Giulia"]
[Black "Ladan, Nicholas"]
[WhiteFideId "2840451"]
[BlackFideId "30918855"]
[WhiteElo "1769"]
[BlackElo "2167"]
[Result "1/2-1/2"]
[Round "2"]
[TimeControl "180+2"]
[Date "2023.06.13"]
[WhiteClock "0:00:58"]
[BlackClock "0:00:11"]
[Board "172"]

1. d4 b6 2. e4 Bb7 3. Bd3 f5 4. exf5 Bxg2 5. Qh5+ g6 6. fxg6 Bg7 7. gxh7+ Kf8 8. hxg8=Q+ Kxg8 9. Qg4 Bxh1 10. Be3 e6 11. Nd2 Qh4 12. Qxh4 Rxh4 13. Ngf3 Bxf3 14. Nxf3 Rh3 15. Ke2 Nc6 16. c3 Rf8 17. Ng5 Rxh2 18. Rg1 Ne7 19. c4 Nf5 20. Bxf5 Rxf5 21. Kd3 Kf8 22. Ne4 Bh6 23. c5 Bxe3 24. Kxe3 bxc5 25. Nxc5 Rfxf2 26. Nxd7+ Ke7 27. Rg7+ Kd6 28. Ne5 Re2+ 29. Kd3 Rd2+ 30. Ke3 Rhe2+ 31. Kf3 Rxe5 32. dxe5+ Kc6 33. Re7 Rxb2 34. Rxe6+ Kd7 35. Ra6 c5 36. Ke4 Rd2 37. Rxa7+ Kc6 38. a4 c4 39. Ra6+ Kb7 40. Rd6 Rxd6 41. exd6 Kc6 42. Kd4 Kxd6 43. Kxc4 Kc6 44. a5 Kb7 45. Kb5 Ka8 46. a6 Ka7 47. Ka5 Ka8 48. Kb6 Kb8 49. a7+ Ka8 50. Ka6 1/2-1/2


[Site "https://www.chess.com"]

[Event "Titled Tuesday Blitz June 13 Late 2023"]
[White "Mika, Tomasz"]
[Black "Wang, Alexander J"]
[WhiteFideId "1132970"]
[BlackFideId "30955270"]
[WhiteElo "2186"]
[BlackElo "2256"]
[Result "1-0"]
[Round "2"]
[TimeControl "180+2"]
[Date "2023.06.13"]
[WhiteClock "0:02:57"]
[BlackClock "0:02:13"]
[Board "173"]

1. d4 d5 2. Bf4 c5 3. e3 Nf6 4. Nf3 Nc6 5. Nbd2 e6 6. c3 Bd6 7. Bg3 O-O 8. Bd3 b6 9. e4 dxe4 10. Nxe4 Nxe4 11. Bxe4 Bb7 12. dxc5 Bxc5 13. Qa4 Qe8 14. Bxh7+ Kxh7 15. Qh4+ Kg6 16. Qg5+ Kh7 17. Qh5+ Kg8 18. Ng5 1-0


[Site "https://www.chess.com"]